 Dungeon Crawl Stone Soup version 0.19-a0-926-g4486784 (webtiles) character file.

6202 Implojin the Grappler (level 10, -5/107 HPs)
             Began as a Troll Fighter on July 7, 2016.
             Was a Priest of Okawaru.
             Slain by a freezing wraith (11 damage)
             ... on level 13 of the Dungeon.
             The game lasted 00:18:58 (2966 turns).

Implojin the Grappler (Troll Fighter)               Turns: 2966, Time: 00:18:58

Health: -5/107     AC:  6    Str: 26      XL:     10   Next: 61%
Magic:  7/9        EV: 12    Int:  4      God:    Okawaru [***...]
Gold:   14         SH: 15    Dex: 11 (12) Spells: 2 memorised, 7 levels left

rFire  . . .     SeeInvis .       - Unarmed
rCold  . . .     Gourm    +     p - +1 robe {MR+}
rNeg   . . .     Faith    .     b - +0 shield
rPois  .         Spirit   .     (helmet restricted)
rElec  .         Dismiss  .     (no cloak)
rCorr  .         Reflect  +     (gloves unavailable)
SustAt .         Harm     .     (boots unavailable)
MR     +....                    j - +4 amulet of reflection
Stlth  ++........               (no ring)
                                w - ring of wizardry

@: heroism, slowed, very slow, somewhat resistant to hostile enchantments,
unstealthy
A: unfitting armour, claws 3, fast metabolism 3, gourmand, regeneration 2,
shaggy fur 1, tough skin 2
a: Heroism, Renounce Religion


You were on level 13 of the Dungeon.
You worshipped Okawaru.
Okawaru was most pleased with you.
You were not hungry.

You visited 2 branches of the dungeon, and saw 14 of its levels.

You collected 82 gold pieces.
You spent 68 gold pieces at shops.

Inventory:

Hand Weapons
 o - a +0 blowgun
Armour
 a - a +0 robe
 b - a +0 shield (worn)
 p - a +1 robe of magic resistance (worn)
 E - a troll hide
Magical Staves
 u - an uncursed staff of cold
Jewellery
 j - a +4 amulet of reflection (around neck)
 w - a ring of wizardry (left claw)
 y - a -3 ring of dexterity
Wands
 h - a wand of paralysis (15/24)
 v - a wand of iceblast (7/15)
 B - a wand of disintegration (8/24)
 D - a wand of acid (12/15)
 H - a wand of flame (24/48)
Scrolls
 m - a scroll of enchant weapon {unknown}
 n - a scroll of silence {unknown}
 A - 2 scrolls of remove curse
 F - 2 scrolls of magic mapping
Potions
 c - 2 potions of might
 e - 2 potions of degeneration
 f - a potion of ambrosia
 i - a potion of berserk rage
 k - 6 potions of curing
 l - a potion of haste
 t - 2 potions of flight
 x - 4 potions of brilliance {unknown}
 z - a potion of agility
 C - a potion of magic {unknown}
Books
 q - a book of Spatial Translocations

   Spells                             Type                      Level
   a - Apportation                    Translocation                1
   b - Blink                          Translocation                2
   c - Shroud of Golubria             Charms/Translocation         2
   d - Portal Projectile              Translocation                3
   e - Teleport Other                 Translocation                3
   f - Passage of Golubria            Translocation                4
 G - a book of Party Tricks

   Spells                             Type                      Level
   a - Summon Butterflies             Summoning                    1
   b - Apportation                    Translocation                1
   c - Tukima's Dance                 Hexes                        3
   d - Alistair's Intoxication        Transmutation/Poison         5
   e - Invisibility                   Hexes                        6
Comestibles
 d - 7 bread rations
 g - 4 meat rations
 r - 2 slices of pizza
 s - 2 royal jellies


   Skills:
 * Level 9.4(14.4) Fighting
 - Level 2.4(7.4) Dodging
 - Level 2.4(7.4) Shields
 - Level 12.0(17.0) Unarmed Combat


You had 7 spell levels left.
You knew the following spells:

 Your Spells              Type           Power        Failure   Level  Hunger
a - Summon Butterflies    Summ           #.......     45%         1    ##.....
b - Apportation           Tloc           #.........   45%         1    ##.....


Dungeon Overview and Level Annotations

Branches:
Dungeon (13/15)            Temple (1/1) D:7            Lair (0/6) D:8
    Orc: D:9-12      Vaults: D:13-14

Altars:
Cheibriados
Hepliaklqana
Kikubaaqudgha
Okawaru

Shops:
D:5 *   D:12 }*?

Annotations:
D:7 exclusion: 2 downstairs


Innate Abilities, Weirdness & Mutations

You are too large for most types of armour.
You have claws for hands.
Your metabolism is lightning-fast.
You like to eat raw meat.
You heal very quickly.
You are covered in fur. (AC +1)
You have very tough skin. (AC +2)


Message History

You completely miss the quasit.
The quasit is severely wounded.
You block the quasit's attack. The quasit barely misses you.
You block the quasit's attack.
You mangle the quasit!!
You kill the quasit!
Okawaru accepts your kill.
Found 23 gold pieces.
x - 4 viscous dark potions (gained 2)
Found a scroll labeled XIXTYKKA IKITHO.
m - a scroll labeled XIXTYKKA IKITHO A shadow and a freezing wraith come into view.
Found a scroll of identify and an ichor-stained spear.
Found an escape hatch in the floor.
The shadow slips into darkness.
The shadow flickers and vanishes!
Deactivating autopickup; reactivate with Ctrl-A.
You gain the combat prowess of a mighty hero.
You claw something!
The shadow strikes at you from the darkness!
* * * LOW HITPOINT WARNING * * *
Reactivating autopickup.
Unknown command.
You eviscerate the shadow!!!
You destroy the shadow!
Okawaru accepts your kill. The freezing wraith barely misses you.
The freezing wraith hits you!
* * * LOW HITPOINT WARNING * * *
The freezing wraith drains your vigour!
You feel yourself slow down.
You scratch the freezing wraith but do no damage.
The freezing wraith hits you!
* * * LOW HITPOINT WARNING * * *
The freezing wraith freezes you!!
* * * LOW HITPOINT WARNING * * *
The freezing wraith hits you!
* * * LOW HITPOINT WARNING * * *
The freezing wraith hits you!
* * * LOW HITPOINT WARNING * * *
The freezing wraith freezes you!
You die...

#..................
... .
...................
....
..................
..>.
..#######..#####.#
...# .
#####..#####.##...#
....................
......######....###
......#)?.......#
......#......@..#
......#......W..#
......#.........#
.... #.........#
............
.............
............#
.............


You could see a freezing wraith.

Vanquished Creatures
  A hydra (D:12)
  An unseen horror (D:13)
  Pikel (D:5)
  A hill giant (D:10)
  A gargoyle (D:8)
  A troll (D:8)
  A shadow (D:13)
  A hungry ghost (D:12)
  A sky beast (D:5)
  An ice beast (D:10)
  An ogre (D:12)
  2 phantoms
  A wolf (D:7)
  2 centaurs
  A big kobold (D:10)
  3 giant frogs
  A wyvern zombie (D:6)
  A gnoll sergeant (D:10)
  15 killer bees
  A howler monkey (D:4)
  2 quasits
  2 crimson imps
  A jelly (D:9)
  A giant frog zombie (D:11)
  A gnoll shaman (D:5)
  2 giant frog skeletons
  4 orc priests
  6 hounds
  A centaur skeleton (D:3)
  2 iguanas
  Natasha (thrice) (D:2)
  12 orc wizards
  7 worker ants
  A hound zombie (D:9)
  A worker ant zombie (D:10)
  8 gnolls
  8 adders
  An adder skeleton (D:7)
  A worm (D:2)
  A dart slug (D:2)
  7 giant geckos
  24 orcs
  2 giant cockroaches
  A goblin (D:2)
  A hobgoblin (D:1)
  10 jackals
  4 kobolds
  3 quokkas
  2 ball pythons
  A giant gecko skeleton (D:4)
  7 giant newts
  A jackal zombie (D:5)
  3 rats
169 creatures vanquished.

Vanquished Creatures (others)
  2 orcs (D:8)
  A jackal (D:8)
  A kobold (D:10)
4 creatures vanquished.

Grand Total: 173 creatures vanquished

Notes
Turn   | Place    | Note
-------+----------+-------------------------------------------
     0 | D:1      | Implojin the Troll Fighter began the quest for the Orb.
     0 | D:1      | Reached XP level 1. HP: 22/22 MP: 0/0
    44 | D:2      | Noticed Natasha
    50 | D:2      | Noticed a crimson imp
    52 | D:2      | Noticed a crimson imp
    52 | D:2      | Killed Natasha
    52 | D:2      | Reached skill level 3 in Unarmed Combat
    52 | D:2      | Reached XP level 2. HP: 20/29 MP: 1/1
    67 | D:2      | Reached XP level 3. HP: 34/36 MP: 2/2
    82 | D:2      | Noticed Natasha
   111 | D:2      | Killed Natasha
   111 | D:2      | Reached skill level 4 in Unarmed Combat
   162 | D:2      | Reached XP level 4. HP: 44/44 MP: 3/3
   203 | D:2      | Noticed Natasha
   227 | D:2      | Killed Natasha
   320 | D:3      | Reached skill level 5 in Unarmed Combat
   334 | D:3      | Reached XP level 5. HP: 26/50 MP: 4/4
   442 | D:3      | Reached skill level 6 in Unarmed Combat
   501 | D:4      | Reached XP level 6. HP: 59/59 MP: 5/5
   518 | D:5      | Entered Level 5 of the Dungeon
   537 | D:5      | Reached skill level 7 in Unarmed Combat
   600 | D:5      | Noticed a slave
   603 | D:5      | Noticed Pikel
   612 | D:5      | Killed Pikel
   612 | D:5      | Reached skill level 9 in Unarmed Combat
   612 | D:5      | Reached XP level 7. HP: 59/66 MP: 6/6
   766 | D:6      | Reached XP level 8. HP: 74/74 MP: 7/7
   918 | D:6      | Reached skill level 10 in Unarmed Combat
   963 | D:8      | Noticed a troll
  1023 | D:8      | Found a staircase to the Lair.
  1024 | D:8      | Noticed a gargoyle
  1039 | D:8      | Killed a gargoyle
  1039 | D:8      | Reached skill level 11 in Unarmed Combat
  1240 | D:4      | Reached XP level 9. HP: 80/80 MP: 8/8
  1540 | D:5      | Found Satitu's Assorted Antiques.
  1548 | D:5      | Bought a scroll of identify for 36 gold pieces
  1555 | D:5      | Reached skill level 12 in Unarmed Combat
  1592 | D:6      | Found an ancient bone altar of Kikubaaqudgha.
  2085 | D:6      | Reached skill level 3 in Fighting
  2168 | D:7      | Found a staircase to the Ecumenical Temple.
  2177 | Temple   | Entered the Ecumenical Temple
  2185 | Temple   | Became a worshipper of Warmaster Okawaru
  2282 | D:8      | Reached skill level 4 in Fighting
  2329 | D:8      | Reached skill level 5 in Fighting
  2360 | D:8      | Killed a troll
  2360 | D:8      | Reached * piety under Okawaru
  2414 | D:8      | Learned a level 1 spell: Summon Butterflies
  2416 | D:8      | Learned a level 1 spell: Apportation
  2482 | D:8      | Reached skill level 6 in Fighting
  2621 | D:10     | Entered Level 10 of the Dungeon
  2622 | D:10     | Noticed a hill giant
  2633 | D:10     | Killed a hill giant
  2633 | D:10     | Reached skill level 7 in Fighting
  2633 | D:10     | Reached XP level 10. HP: 55/102 MP: 6/9
  2648 | D:10     | Reached ** piety under Okawaru
  2733 | D:12     | Noticed an eight-headed hydra
  2738 | D:12     | Killed a 12-headed hydra
  2738 | D:12     | Reached skill level 8 in Fighting
  2743 | D:12     | Found Seebbiz's Gadget Shoppe.
  2798 | D:12     | Found Riehirphu's Magic Scroll Shop.
  2837 | D:12     | Found Tiadd's Assorted Antiques.
  2868 | D:12     | Bought a scroll of identify for 32 gold pieces
  2886 | D:13     | Reached *** piety under Okawaru
  2915 | D:13     | Killed an unseen horror
  2915 | D:13     | Reached skill level 9 in Fighting
  2966 | D:13     | Slain by a freezing wraith

Vault maps used:
D:1:      minmay_arrival_plants_in_alcoves
D:2:      uniq_natasha, uniq_iyjb, uniq_sigmund
D:3:      tgw_kikubaaqudgha
D:5:      first_bread, portal_sewer_entry_b, serial_shops,
          nicolae_shop_overgrown_old_shop, uniq_pikel
D:6:      kennysheep_six_static_rooms, kennysheep_mini_moat
D:8:      erik_lair_island, uniq_psyche
D:9:      orc_0_dummy, serial_shops, nicolae_shop_window_shopping
D:10:     enter_trove_2, basic_altar
D:11:     hangedman_ranch
D:12:     serial_shops, nicolae_shop_trees, shop, nicolae_shop_statue_plus,
          shop, shop, hex_tiny, uniq_nergalle
D:13:     minmay_cut_squares, lightli_vaults_fourway_checkpoint, serial_glass,
          glass_columns_a, glass_columns_c
Temple:   minmay_crystal_snake_temple

Skill      XL: |  1  2  3  4  5  6  7  8  9 10 |
---------------+-------------------------------+-----
Unarmed Combat | 3 4 5 6 9 11 12 | 12.0
Fighting       | 7 9 |  9.4
Dodging        | |  2.4
Shields        | |  2.4

Action                   |  1- 3 |  4- 6 |  7- 9 | 10-12 || total
-------------------------+-------+-------+-------+-------++-------
Melee: Unarmed           |    44 |   114 |   289 |    69 ||   516
Invok: Heroism           |       |       |     5 |     5 ||    10
Evoke: Wand              |       |       |       |     1 ||     1
  Use: Scroll            |       |       |    13 |     3 ||    16
       Potion            |       |       |     3 |     1 ||     4
 Stab: Sleeping          |       |       |     3 |       ||     3
  Eat: Chunk             |     2 |     6 |    11 |       ||    19
       Bread ration      |       |       |     1 |       ||     1
       Meat ration       |       |       |       |     1 ||     1
       Beef jerky        |       |       |       |     1 ||     1
Armor: Robe              |    13 |    30 |    63 |    22 ||   128
       Skin              |       |       |    14 |       ||    14
Dodge: Dodged            |    16 |    25 |    76 |    26 ||   143
Block: Shield            |    13 |    58 |   209 |    52 ||   332
       Reflection        |       |       |    10 |       ||    10

Table legend:
 A = Turns spent in this place as a percentage of turns spent in the entire game.
 B = Non-inter-level travel turns spent in this place as a percentage of non-inter-level travel turns spent in the entire game.
 C = Inter-level travel turns spent in this place as a percentage of turns spent in this place.
 D = Turns resting spent in this place as a percentage of non-inter-level travel turns spent in this place.
 E = Turns spent auto-exploring this place as a percentage of non-inter-level travel turns spent in this place.
 F = Non-inter-level travel turns spent in this place divided by the number of levels of this place that you've seen.
                   A       B       C       D       E      F
               +-------+-------+-------+-------+-------+----------------------
         Total | 100.0 | 100.0 |   0.0 |   0.2 |   0.0 | 213.4
       Dungeon |  99.5 |  99.5 |   0.0 |   0.2 |   0.0 | 228.6
        Temple |   0.5 |   0.5 |   0.0 |   0.0 |   0.0 |  15.0
               +-------+-------+-------+-------+-------+----------------------

Table legend:
 A = Kills in this place as a percentage of kills in entire the game.
 B = Kills by you in this place as a percentage of kills by you in the entire game.
 C = Kills by friends in this place as a percentage of kills by friends in the entire game.
 D = Other kills in this place as a percentage of other kills in the entire game.
 E = Experience gained in this place as a percentage of experience gained in the entire game.
 F = Experience gained in this place divided by the number of levels of this place that you have seen.
                   A       B       C       D       E      F
               +-------+-------+-------+-------+-------+----------------------
         Total | 100.0 | 100.0 |  -nan | 100.0 | 100.0 | 632.9
       Dungeon | 100.0 | 100.0 |  -nan | 100.0 | 100.0 | 681.5
               +-------+-------+-------+-------+-------+----------------------
